 Dungeon Crawl Stone Soup version 0.30-a0-778-g2ef04afb54 (webtiles) character file.

Game seed: 7202488913871984271

836 Leeroy the Slasher (level 7, -1/39 HPs)
             Began as a Vine Stalker Warper on Feb 16, 2023.
             Was an Initiate of Wu Jian.
             Succumbed to a water moccasin's poison
             ... on level 5 of the Dungeon.
             The game lasted 00:05:12 (5048 turns).

Leeroy the Slasher (Vine Stalker Warper)            Turns: 5048, Time: 00:05:12

Health: -1/39      AC:  4    Str: 14    XL:     7   Next: 99%
Magic:  1/11       EV: 11    Int: 13    God:    Wu Jian [......]
Gold:   171        SH:  0    Dex: 15    Spells: 10/10 levels left

rFire   . . .      SeeInvis .    q - +0 long sword
rCold   . . .      Faith    .    (no shield)
rNeg    . . .      Spirit   +    b - +0 leather armour
rPois   .          Reflect  .    (helmet restricted)
rElec   .          Harm     .    (no cloak)
rCorr   .          Rampage  .    k - +0 pair of gloves
Will    .....                    (no boots)
Stlth   +                        (no amulet)
HPRegen 1.06/turn                (no ring)
MPRegen 0.12/turn                (no ring)

@: lethally poisoned (-1 -> -6)
A: fangs 2, regeneration 1, magic shield, antimagic bite, no potion heal 2,
horns 1
a: Renounce Religion


You were on level 5 of the Dungeon.
You worshipped Wu Jian.
Wu Jian was noncommittal.
You visited 2 branches of the dungeon, and saw 6 of its levels.

You collected 248 gold pieces.
You spent 77 gold pieces at shops.

Inventory:

Hand Weapons
 a - a +0 falchion
 q - a +0 long sword (weapon)
 B - a +2 flail of venom
 D - a +0 vampiric spear
Missiles
 d - 7 boomerangs of dispersal (quivered)
 r - a throwing net
 u - 6 datura-tipped darts
 v - 5 silver javelins
Armour
 b - a +0 leather armour (worn)
 k - a +0 pair of gloves (worn)
 E - a +1 plate armour of cold resistance
Magical Staves
 g - a staff of conjuration
Jewellery
 n - a ring of fire
 w - the amulet of Duduty {RegenMP Harm rCorr SInv}
   (You found it on level 3 of the Dungeon)

   [amulet of magic regeneration]

   It increases your rate of magic regeneration.
   SInv:      It lets you see invisible.
   rCorr:     It protects you from acid and corrosion.
   Harm:      It increases damage dealt and taken.
Wands
 t - a wand of polymorph (8)
 x - a wand of flame (12)
 A - a wand of paralysis (8)
Scrolls
 c - a scroll of blinking
 e - 2 scrolls of immolation
 j - a scroll of identify
 l - 2 scrolls of fog
 m - a scroll of enchant weapon
 o - a scroll of noise
 y - a scroll of summoning {unknown}
 F - a scroll of magic mapping {unknown}
Potions
 f - a potion of lignification {unknown}
 h - 7 potions of heal wounds
 i - 3 potions of curing {unknown}
 p - a potion of attraction {unknown}
 s - 2 potions of flight {unknown}
 z - a potion of mutation
 C - a potion of brilliance {unknown}
 G - a potion of degeneration {unknown}


   Skills:
 - Level 5.1 Fighting
 - Level 6.1 Long Blades
 + Level 0.2 Axes
 + Level 0.2 Ranged Weapons
 - Level 0.8 Throwing
 - Level 0.7 Armour
 - Level 1.5 Dodging
 + Level 0.1 Shields
 + Level 2.2 Spellcasting
 + Level 0.2 Hexes
 + Level 0.3 Summonings
 + Level 0.4 Necromancy
 - Level 3.0 Translocations
 + Level 0.2 Transmutations
 + Level 0.2 Fire Magic
 + Level 0.2 Ice Magic
 + Level 0.2 Air Magic
 + Level 0.2 Earth Magic
 + Level 0.2 Poison Magic
 + Level 0.2 Invocations


You had 10 spell levels left.
You didn't know any spells.
Your spell library contained the following spells:

 Spells                   Type           Power      Damage    Failure   Level
 Blink                    Tloc           18%        N/A       14%         2
 Lesser Beckoning         Tloc           18%        N/A       14%         2
 Teleport Other           Tloc           9%         N/A       28%         3
 Vhi's Electric Charge    Tloc/Air       10%        N/A       43%         3
 Manifold Assault         Tloc           9%         N/A       67%         4


Dungeon Overview and Level Annotations

Branches:
Dungeon (5/15)             Temple (1/1) D:4

Altars:
Ashenzari
Dithmenos
Gozag
Makhleb
Ru
Sif Muna
Vehumet
Wu Jian
Xom
Yredelemnul
The Shining One

Shops:
D:2 (   D:3 [


Innate Abilities, Weirdness & Mutations

You have extremely sharp teeth.
Your natural rate of healing is unusually fast.
When hurt, damage is shared between your health and your magic reserves.
Your bite disrupts and absorbs the magic of your enemies.
Potions cannot restore your health.
You have a pair of small horns on your head.


Message History

You slash the water moccasin! Your bite misses the water moccasin.
The water moccasin is moderately wounded.
You feel very sick. The water moccasin bites you!
* * * LOW HITPOINT WARNING * * *
The water moccasin barely misses you.
You barely miss the water moccasin. Your bite misses the water moccasin.
The water moccasin is moderately wounded.
You feel very sick. The water moccasin closely misses you.
Okay, then.
You closely miss the water moccasin. Your bite misses the water moccasin.
The water moccasin is moderately wounded.
You feel sick. The water moccasin closely misses you.
The water moccasin barely misses you.
Okay, then.
You don't know any spells.
Okay, then.
You closely miss the water moccasin. Your bite misses the water moccasin.
The water moccasin is moderately wounded.
You feel sick. The water moccasin misses you.
You don't know any spells.
Unknown command.
You miss the water moccasin. Your bite misses the water moccasin.
The water moccasin is moderately wounded.
You feel sick. The water moccasin barely misses you.
The water moccasin misses you.
It was a potion of heal wounds.
That seemed strangely inert.
You feel sick. The water moccasin bites you.
* * * LOW HITPOINT WARNING * * *
You hit the water moccasin. Your bite misses the water moccasin.
The water moccasin is heavily wounded.
You feel sick. The water moccasin bites you.
* * * LOW HITPOINT WARNING * * *
You are lethally poisoned!
The water moccasin poisons you!
Okay, then.
It was a potion of mutation.
You feel extremely strange. A pair of horns grows on your head!
You die...

...##.....#......#
..####...##.##...##
#.................#
...#.....#....#..##
...###.†.#..#.#...#
##.##.......#.....##
##.###......###....#
...# #............##
#..##....#......@##
#..#.>.>.##....S..#
#.....#.###.##....#
##.#######...##...#
##..# ...####...
.#..# ... .....
...## .... .....
...# ..... ......
...##......


You could see a water moccasin.

Vanquished Creatures
  An ogre (D:4)
  A centaur (D:5)
  3 necrophages
  A jelly (D:5)
  3 hounds
  4 iguanas
  7 gnolls
  8 adders
  A shadow imp (D:4)
  An ufetubus (D:5)
  2 worms
  4 dart slugs
  11 orcs (D:4)
  7 endoplasms
  A giant cockroach (D:1)
  7 goblins
  13 hobgoblins
  2 jackals (D:3)
  8 quokkas
  8 ball pythons
  3 bats
  4 frilled lizards
  5 kobolds
  4 rats
109 creatures vanquished.

Notes
Turn   | Place    | Note
-------+----------+-------------------------------------------
     0 | D:1      | Leeroy the Vine Stalker Warper began the quest for the Orb.
     0 | D:1      | Reached XP level 1. HP: 11/11 MP: 4/4
    81 | D:1      | Reached skill level 2 in Long Blades
   171 | D:1      | Reached XP level 2. HP: 15/15 MP: 6/6
   585 | D:1      | Reached skill level 3 in Long Blades
   783 | D:1      | Reached XP level 3. HP: 13/18 MP: 4/7
  1497 | D:2      | Gained mutation: Your natural rate of healing is unusually
                  | fast. [Vine Stalker growth]
  1497 | D:2      | Reached XP level 4. HP: 11/23 MP: 4/8
  1583 | D:2      | Reached skill level 4 in Long Blades
  2031 | D:2      | Found Lekkoduk's Antique Weapon Boutique.
  2036 | D:2      | Bought a long sword for 77 gold pieces
  2207 | D:3      | Found Zour's Armour Emporium.
  2878 | D:3      | Identified the amulet of Duduty {RegenMP Harm rCorr SInv}
  3068 | D:4      | Reached XP level 5. HP: 26/26 MP: 9/9
  3121 | D:4      | Noticed an ogre
  3127 | D:4      | Killed an ogre
  3128 | D:4      | Reached skill level 5 in Long Blades
  3173 | D:4      | Reached XP level 6. HP: 26/30 MP: 7/10
  3293 | D:4      | Found a shimmering blue altar of Sif Muna.
  3326 | D:4      | Found a sacrificial altar of Ru.
  3470 | D:4      | Reached skill level 6 in Long Blades
  3613 | D:4      | Found a staircase to the Ecumenical Temple.
  3685 | Temple   | Entered the Ecumenical Temple
  3818 | Temple   | Became a worshipper of the Wu Jian Council
  4162 | D:5      | Entered Level 5 of the Dungeon
  4215 | D:5      | Reached XP level 7. HP: 19/36 MP: 8/11
  4831 | D:5      | Reached skill level 5 in Fighting
  5047 | D:5      | HP: 1/39 [water moccasin (1)]
  5048 | D:5      | Gained mutation: You have a pair of small horns on your
                  | head. [potion of mutation]
  5048 | D:5      | Succumbed to a water moccasin's poison

Illustrated notes

Levels and vault maps discovered:
D:1:      dpeg_arrival_rooms_c, layout_basic, minmay_misc_feat_enclosed,
          dreamdust_princess_bridge
D:2:      layout_basic, serial_shops, shop, skrybe_limestone_x,
          minmay_fractal_squares_gapless_5
D:3:      layout_basic, serial_shops, shop, serial_glass, glass_columns_c,
          glass_columns_a, glass_columns_b, glass_columns_c, chequers_big_river,
          kennysheep_generic_room_9
D:4:      layout_loops_corners, hangedman_ru_absence,
          mainiacjoe_overflow_alcove_2, minmay_temple_entry_mini_moons,
          minmay_misc_feat_iff
D:5:      layout_cave_pools, kennysheep_generic_room_3
Temple:   nicolae_temple_figure_zero

Skill      XL: |  1  2  3  4  5  6  7 |
---------------+----------------------+-----
Long Blades    | 2 3 4 5 6 |  6.1
Fighting       | 3 5 |  5.1
Axes           | |  0.2
Ranged Weapons | |  0.2
Throwing       | |  0.8
Armour         | |  0.7
Dodging        | |  1.5
Shields        | |  0.1
Spellcasting   | |  2.2
Hexes          | |  0.2
Summonings     | |  0.3
Necromancy     | |  0.4
Translocations | |  3.0
Transmutations | |  0.2
Fire Magic     | |  0.2
Ice Magic      | |  0.2
Air Magic      | |  0.2
Earth Magic    | |  0.2
Poison Magic   | |  0.2
Invocations    | |  0.2

Action                     |  1- 3 |  4- 6 |  7- 9 || total
---------------------------+-------+-------+-------++-------
  Melee: Falchion          |   138 |    29 |       ||   167
         Bite              |    24 |    42 |    29 ||    95
         Punch             |     1 |       |     3 ||     4
         Long sword        |       |   134 |    87 ||   221
Ability: Lunge             |       |     2 |     4 ||     6
    Use: Scroll            |       |     4 |       ||     4
         Potion            |       |       |     2 ||     2
   Stab: Sleeping          |       |     3 |       ||     3
 Armour: Leather armour    |    39 |    50 |    16 ||   105
  Dodge: Dodged            |    80 |    91 |    75 ||   246

Table legend: (Time is in decaauts)
 A = Elapsed time spent in this place.
 B = Non-inter-level travel time spent in this place.
 C = Inter-level travel time spent in this place.
 D = Time resting spent in this place.
 E = Time spent auto-exploring this place.
 F = Levels seen in this place.
 G = Mean time per level.
                   A        B        C        D        E       F      G
               +--------+--------+--------+--------+--------+-----+--------+
         Total |   5114 |   4935 |    179 |    226 |   3820 |   6 |  852.3 |
       Dungeon |   4967 |   4819 |    148 |    226 |   3710 |   5 |  993.4 |
        Temple |    146 |    115 |     31 |      0 |    110 |   1 |  146.0 |
               +--------+--------+--------+--------+--------+-----+--------+

Top non-repeatable levels by time:
     D:4: 1280 daAuts
     D:2: 1258 daAuts
     D:1: 967 daAuts
     D:3: 850 daAuts
     D:5: 610 daAuts
  Temple: 146 daAuts
